 Dungeon Crawl Stone Soup version 0.21-a0-621-gc60411f (webtiles) character file.

2 Gaball the Skirmisher (level 1, -3/18 HPs)
             Began as a Demonspawn Abyssal Knight on Dec 23, 2017.
             Was an Initiate of Lugonu.
             Slain by a gnoll
             ... wielding a cursed -2 halberd
              (6 damage)
             ... on level 1 of the Dungeon.
             The game lasted 00:01:12 (251 turns).

Gaball the Skirmisher (Demonspawn Abyssal Knight)    Turns: 251, Time: 00:01:13

Health: -3/18      AC:  3    Str: 12    XL:     1   Next: 33%
Magic:  2/2        EV: 11    Int: 13    God:    Lugonu [......]
Gold:   16         SH:  0    Dex: 12    Spells: 0/0 levels left

rFire    . . .     SeeInvis .   a - +1 falchion
rCold    . . .     Gourm    .   (no shield)
rNeg     . . .     Faith    .   b - +0 leather armour
rPois    .         Spirit   .   (no helmet)
rElec    .         Reflect  .   (no cloak)
rCorr    .         Harm     .   (no gloves)
MR       .....                  (no boots)
Stlth    +.........             (no amulet)
HPRegen  0.06/turn              (no ring)
MPRegen  0.08/turn              (no ring)

@: no status effects
A: no striking features
a: Renounce Religion


You were on level 1 of the Dungeon.
You worshipped Lugonu.
Lugonu was noncommittal.
You were not hungry.

You visited 1 branch of the dungeon, and saw 1 of its levels.
You visited the Abyss 1 time.

You collected 16 gold pieces.

Inventory:

Hand Weapons
 a - a +1 falchion (weapon)
Armour
 b - a +0 leather armour (worn)
Scrolls
 d - a scroll of identify {unknown}
 h - a scroll of amnesia {unknown}
Potions
 e - 2 potions of flight {unknown}
 f - a potion of degeneration {unknown}
 g - a potion of cancellation {unknown}
Comestibles
 c - a ration


   Skills:
 - Level 3.0 Fighting
 + Level 2.0 Long Blades
 - Level 1.7 Armour
 - Level 0.8 Dodging
 - Level 2.4 Invocations


You couldn't memorise any spells.
You didn't know any spells.

Dungeon Overview and Level Annotations

Branches:
Dungeon (1/15)

Altars:


Message History

The hobgoblin is severely wounded.
The hobgoblin misses you.
You riposte.
You hit the hobgoblin.
You kill the hobgoblin!
Lugonu accepts your kill.
Your Long Blades skill increases to level 2!
You start resting.
A gnoll comes into view. It is wielding a halberd.
The gnoll shouts!
You aren't carrying any items that you can evoke.
The gnoll barely misses you. The gnoll closely misses you.
You barely miss the gnoll. The gnoll hits you with a halberd.
You hit the gnoll but do no damage. The gnoll hits you with a halberd!
* * * LOW HITPOINT WARNING * * *
The gnoll misses you.
You open the door. The gnoll closely misses you.
There is an open door here.
There is a stone staircase leading down here.
The gnoll hits you from afar with a halberd.
You die...

#.# #######.#
#.......####
#.####>.#...
#######.####....##
#...............#
#g##.#####.#...##
#.####...###..##
#@###.....##..#
#...#..<..#...#
#..##.....###'#
#####..###...###..#
##...##...##'###..##
#.....#..###..#...#
#.....'...##⌠.....+
#.....#...........#
##...##...####....##


You could see a gnoll.

Vanquished Creatures
  A giant cockroach (D:1)
  A hobgoblin (D:1)
2 creatures vanquished.

Notes
Turn   | Place    | Note
-------+----------+-------------------------------------------
     0 | Abyss:1  | Gaball the Demonspawn Abyssal Knight began the quest for the Orb.
     0 | Abyss:1  | Reached XP level 1. HP: 18/18 MP: 2/2
    26 | Abyss:1  | Found a viscous altar of Jiyva.
    58 | Abyss:1  | Noticed a neqoxec
    58 | Abyss:1  | Noticed a starcursed mass
    59 | D:1      | Escaped the Abyss
   251 | D:1      | Slain by a gnoll

Vault maps used:
D:1:      noname_arrival_rooms_in_the_neighbourhood

Skill      XL: |  1 |
---------------+----+-----
Long Blades    | 2 |  2.0
Fighting       | |  3.0
Armour         | |  1.7
Dodging        | |  0.8
Invocations    | |  2.4

Action                   || total
-------------------------++-------
Melee: Falchion          ||     9
Invok: Depart the Abyss  ||     1
Dodge: Dodged            ||    10
       Rpst.: Falchion   ||     2

Table legend:
 A = Spawn XP
 B = Non-spawn XP
 C = Spawn XP percentage of total XP
 D = Spawn monster count
 E = Non-spawn monster count
 F = Spawn count percentage of total count
 G = Total turns spent on level
                    A         B        C        D         E        F      G
               +---------+---------+-------+---------+---------+-------+---------
         Total |       0 |       4 |   0.0 |       0 |       2 |   0.0 |   251
               +---------+---------+-------+---------+---------+-------+---------
           D:1 |       0 |       4 |   0.0 |       0 |       2 |   0.0 |   192
               +---------+---------+-------+---------+---------+-------+---------
